[ AOE2 MATCH · #483529465 ]
UnrankedBerbers vs Georgians
[ REPLAY ANALYSIS · EXTRACTED FROM THE RECORDED GAME ]
Feudal
13:22
Castle
24:31
Imperial
—
| APM avg | 22.0 |
| APM peak | 49 |
| eAPM avg | 8.6 |
| Villagers / military | 49 / 38 |
Focus
⚔️ 27.3% · 🌾 72.7%
Skirmisher ×13 · Knight ×12 · Militia ×11 · Battering Ram ×2
Feudal
—
Castle
—
Imperial
—
| APM avg | 0.8 |
| APM peak | 20 |
| eAPM avg | 0.5 |
| Villagers / military | 6 / 0 |
Focus
⚔️ 0.0% · 🌾 100.0%
Feudal
—
Castle
—
Imperial
—
| APM avg | 0.3 |
| APM peak | 9 |
| eAPM avg | 0.3 |
| Villagers / military | 0 / 0 |
Feudal
—
Castle
—
Imperial
—
| APM avg | 0.3 |
| APM peak | 9 |
| eAPM avg | 0.3 |
| Villagers / military | 0 / 0 |
Feudal
—
Castle
—
Imperial
—
| APM avg | 0.3 |
| APM peak | 9 |
| eAPM avg | 0.3 |
| Villagers / military | 0 / 0 |
Feudal
—
Castle
—
Imperial
—
| APM avg | 0.3 |
| APM peak | 9 |
| eAPM avg | 0.3 |
| Villagers / military | 0 / 0 |
Feudal
—
Castle
—
Imperial
—
| APM avg | 0.3 |
| APM peak | 9 |
| eAPM avg | 0.3 |
| Villagers / military | 0 / 0 |
Feudal
13:14
Castle
22:55
Imperial
—
| APM avg | 15.5 |
| APM peak | 40 |
| eAPM avg | 8.5 |
| Villagers / military | 62 / 34 |
Focus
⚔️ 22.3% · 🌾 77.7%
Spearman ×16 · Militia ×10 · Archer ×7 · Monk ×1
Match map
Initial resources + every placement click. Lines = walls · curves = elevation contours. ◆ gold · ⬟ stone · ● berries · ✦ relic · ◌ wall gap
Your base· ✓ Map-separated
R2Q8's base· ✓ Map-separated
Nopec's base· ✓ Map-separated
Josky's base· ✓ Map-separated
Mocasines's base· ✓ Map-separated
crestofthewave's base· ✓ Map-separated
Fantasmet WKB's base· ✓ Map-separated
Sherlock's base· ✓ Map-separated
Smoothed initial terrain · ◌ = detected wall gap · hover for details
Inputs per minute
— l.marcelocamargo - - R2Q8
Build order — l.marcelocamargo
134 actions detected in the replay
| 0:32 | Build | House |
| 0:35 | Build | House |
| 0:36 | Create | Villager (Male) |
| 0:36 | Create | Villager (Male) |
| 0:37 | Create | Villager (Male) |
| 0:37 | Create | Villager (Male) |
| 0:37 | Create | Villager (Male) |
| 0:38 | Create | Villager (Male) |
| 2:21 | Create | Villager (Male) |
| 2:44 | Create | Villager (Male) |
| 2:44 | Create | Villager (Male) |
| 2:54 | Build | Lumber Camp |
| 3:18 | Create | Villager (Male) |
| 3:18 | Create | Villager (Male) |
| 3:48 | Create | Villager (Male) |
| 4:30 | Create | Villager (Male) |
| 4:31 | Create | Villager (Male) |
| 4:31 | Create | Villager (Male) |
| 4:37 | Build | House |
| 4:39 | Build | House |
| 4:45 | Create | Villager (Male) |
| 4:45 | Create | Villager (Male) |
| 5:54 | Build | Mill |
| 6:36 | Create | Villager (Male) |
| 6:36 | Create | Villager (Male) |
| 6:37 | Create | Villager (Male) |
| 6:37 | Create | Villager (Male) |
| 6:37 | Create | Villager (Male) |
| 7:58 | Create | Villager (Male) |
| 9:37 | Create | Villager (Male) |
| 9:37 | Create | Villager (Male) |
| 10:12 | Create | Villager (Male) |
| 11:12 | Research | Feudal Age |
| 11:24 | Build | Mining Camp |
| 11:31 | Build | House |
| 11:45 | Build | Lumber Camp |
| 11:52 | Create | Villager (Male) |
| 11:52 | Create | Villager (Male) |
| 11:57 | Build | House |
| 12:04 | Build | Barracks |
| 13:22 | Age | Feudal Age |
| 13:26 | Create | Villager (Male) |
| 14:06 | Build | Blacksmith |
| 14:10 | Research | Man-at-Arms (upgrade) |
| 14:10 | Create | Militia |
| 14:11 | Create | Militia |
| 14:48 | Create | Villager (Male) |
| 14:48 | Create | Villager (Male) |
| 14:49 | Create | Villager (Male) |
| 14:49 | Create | Villager (Male) |
| 14:49 | Create | Villager (Male) |
| 14:50 | Create | Villager (Male) |
| 15:13 | Create | Militia |
| 15:13 | Create | Militia |
| 15:16 | Build | House |
| 15:22 | Build | Farm |
| 15:47 | Build | House |
| 16:13 | Create | Militia |
| 16:14 | Create | Militia |
| 16:22 | Build | House |
| 16:23 | Research | Forging |
| 16:30 | Build | Farm |
| 16:31 | Build | Farm |
| 16:31 | Build | Farm |
| 16:42 | Build | Mill |
| 17:16 | Create | Militia |
| 18:17 | Build | Farm |
| 18:17 | Create | Villager (Male) |
| 18:18 | Create | Villager (Male) |
| 18:24 | Create | Militia |
| 18:25 | Create | Militia |
| 19:53 | Create | Villager (Male) |
| 19:54 | Create | Villager (Male) |
| 20:02 | Create | Militia |
| 20:02 | Create | Militia |
| 20:07 | Build | Market |
| 21:44 | Build | Mill |
| 21:50 | Build | Farm |
| 21:52 | Research | Castle Age |
| 23:28 | Research | Horse Collar |
| 23:32 | Research | Gold Mining |
| 23:37 | Research | Double-Bit Axe |
| 23:42 | Research | Scale Mail Armor |
| 24:22 | Build | Stable |
| 24:31 | Age | Castle Age |
| 24:50 | Build | Town Center |
| 24:51 | Create | Knight |
| 24:52 | Create | Knight |
| 24:52 | Create | Knight |
| 24:53 | Create | Knight |
| 24:53 | Create | Knight |
| 25:04 | Build | Farm |
| 25:06 | Create | Villager (Male) |
| 25:06 | Create | Villager (Male) |
| 25:11 | Create | Villager (Male) |
| 25:11 | Create | Villager (Male) |
| 25:52 | Build | House |
| 25:54 | Build | House |
| 25:55 | Build | House |
| 26:18 | Build | Siege Workshop |
| 26:39 | Build | Archery Range |
| 26:40 | Build | Archery Range |
| 27:28 | Research | Elite Skirmisher (upgrade) |
| 27:46 | Build | Town Center |
| 27:50 | Create | Skirmisher |
| 27:51 | Create | Skirmisher |
| 28:05 | Create | Knight |
| 28:06 | Create | Knight |
| 28:10 | Create | Villager (Male) |
| 28:11 | Create | Villager (Male) |
| 28:22 | Build | Lumber Camp |
| 28:43 | Create | Knight |
| 28:43 | Create | Knight |
| 29:05 | Create | Battering Ram |
| 29:31 | Create | Villager (Male) |
| 29:32 | Create | Villager (Male) |
| 29:34 | Create | Villager (Male) |
| 29:34 | Create | Villager (Male) |
| 30:18 | Create | Knight |
| 30:33 | Research | Thumb Ring |
| 30:35 | Create | Skirmisher |
| 30:35 | Create | Skirmisher |
| 30:35 | Create | Skirmisher |
| 30:51 | Create | Battering Ram |
| 32:06 | Create | Knight |
| 32:06 | Create | Knight |
| 32:08 | Create | Skirmisher |
| 32:08 | Create | Skirmisher |
| 32:08 | Create | Skirmisher |
| 32:09 | Create | Skirmisher |
| 33:06 | Create | Skirmisher |
| 33:06 | Create | Skirmisher |
| 33:07 | Create | Skirmisher |
| 33:07 | Create | Skirmisher |
Build order — R2Q8
9 actions detected in the replay
| 0:13 | Create | Villager (Male) |
| 0:13 | Create | Villager (Male) |
| 0:13 | Create | Villager (Male) |
| 0:14 | Create | Villager (Male) |
| 0:14 | Create | Villager (Male) |
| 0:20 | Build | House |
| 0:23 | Build | House |
| 0:41 | Build | House |
| 2:03 | Create | Villager (Male) |
Build order — Nopec
0 actions detected in the replay
Build order — Josky
0 actions detected in the replay
Build order — Mocasines
0 actions detected in the replay
Build order — crestofthewave
0 actions detected in the replay
Build order — Fantasmet WKB
0 actions detected in the replay
Build order — Sherlock
First 150 of 174 actions detected
| 0:06 | Build | House |
| 0:12 | Build | House |
| 0:14 | Create | Villager (Male) |
| 0:14 | Create | Villager (Male) |
| 0:15 | Research | Loom |
| 0:36 | Build | House |
| 0:49 | Build | House |
| 0:58 | Create | Villager (Male) |
| 0:58 | Create | Villager (Male) |
| 0:59 | Create | Villager (Male) |
| 2:17 | Create | Villager (Male) |
| 2:17 | Create | Villager (Male) |
| 2:49 | Create | Villager (Male) |
| 2:49 | Create | Villager (Male) |
| 3:45 | Create | Villager (Male) |
| 3:45 | Create | Villager (Male) |
| 3:45 | Create | Villager (Male) |
| 3:45 | Create | Villager (Male) |
| 4:24 | Create | Villager (Male) |
| 4:24 | Create | Villager (Male) |
| 4:25 | Create | Villager (Male) |
| 5:01 | Create | Villager (Male) |
| 5:01 | Create | Villager (Male) |
| 5:02 | Create | Villager (Male) |
| 5:02 | Create | Villager (Male) |
| 6:13 | Build | Mill |
| 7:44 | Create | Villager (Male) |
| 7:45 | Create | Villager (Male) |
| 7:45 | Create | Villager (Male) |
| 7:45 | Create | Villager (Male) |
| 9:04 | Create | Villager (Male) |
| 9:04 | Create | Villager (Male) |
| 9:04 | Create | Villager (Male) |
| 9:17 | Build | House |
| 9:19 | Build | House |
| 9:20 | Build | House |
| 10:28 | Build | Lumber Camp |
| 11:04 | Research | Feudal Age |
| 11:38 | Build | House |
| 11:41 | Build | House |
| 11:42 | Build | House |
| 11:43 | Build | House |
| 11:45 | Build | House |
| 12:03 | Create | Villager (Male) |
| 12:04 | Create | Villager (Male) |
| 12:04 | Create | Villager (Male) |
| 12:04 | Create | Villager (Male) |
| 12:04 | Create | Villager (Male) |
| 12:04 | Create | Villager (Male) |
| 12:05 | Create | Villager (Male) |
| 12:37 | Build | Mill |
| 13:14 | Age | Feudal Age |
| 13:19 | Create | Villager (Male) |
| 13:19 | Create | Villager (Male) |
| 13:20 | Research | Wheelbarrow |
| 14:25 | Research | Double-Bit Axe |
| 15:02 | Build | Barracks |
| 15:03 | Build | Barracks |
| 16:17 | Build | Market |
| 16:24 | Build | Blacksmith |
| 16:51 | Build | Mill |
| 17:15 | Build | Mining Camp |
| 17:18 | Create | Villager (Male) |
| 17:19 | Create | Villager (Male) |
| 17:19 | Create | Villager (Male) |
| 17:19 | Create | Villager (Male) |
| 17:53 | Research | Stone Mining |
| 17:53 | Research | Gold Mining |
| 18:35 | Research | Man-at-Arms (upgrade) |
| 18:56 | Build | Archery Range |
| 18:57 | Build | Archery Range |
| 20:01 | Build | Farm |
| 20:01 | Build | Farm |
| 20:01 | Build | Farm |
| 20:02 | Build | Farm |
| 20:02 | Build | Farm |
| 20:03 | Build | Farm |
| 20:03 | Build | Farm |
| 20:05 | Build | Farm |
| 20:15 | Research | Castle Age |
| 20:39 | Create | Militia |
| 20:40 | Create | Militia |
| 20:40 | Create | Militia |
| 20:40 | Create | Militia |
| 20:41 | Create | Militia |
| 20:41 | Create | Militia |
| 20:42 | Create | Militia |
| 21:42 | Create | Archer |
| 21:43 | Create | Archer |
| 21:43 | Create | Archer |
| 21:43 | Create | Archer |
| 22:13 | Create | Archer |
| 22:14 | Create | Archer |
| 22:14 | Create | Archer |
| 22:50 | Research | Scale Barding Armor |
| 22:50 | Research | Scale Mail Armor |
| 22:55 | Age | Castle Age |
| 23:17 | Build | Town Center |
| 24:03 | Research | Crossbowman (upgrade) |
| 24:32 | Create | Villager (Male) |
| 24:32 | Create | Villager (Male) |
| 24:33 | Create | Villager (Male) |
| 24:33 | Create | Villager (Male) |
| 24:41 | Create | Villager (Male) |
| 24:41 | Create | Villager (Male) |
| 24:41 | Create | Villager (Male) |
| 24:41 | Create | Villager (Male) |
| 25:15 | Build | Farm |
| 25:15 | Build | Farm |
| 25:15 | Build | Farm |
| 25:16 | Build | Farm |
| 25:16 | Build | Farm |
| 25:16 | Build | Farm |
| 25:17 | Build | Farm |
| 25:17 | Build | Farm |
| 25:17 | Build | Farm |
| 25:18 | Build | Farm |
| 25:18 | Build | Farm |
| 25:18 | Build | Farm |
| 25:18 | Build | Farm |
| 25:19 | Build | Farm |
| 25:19 | Build | Farm |
| 25:19 | Build | Farm |
| 25:24 | Create | Villager (Male) |
| 25:24 | Create | Villager (Male) |
| 25:24 | Create | Villager (Male) |
| 25:54 | Build | Lumber Camp |
| 26:30 | Research | Padded Archer Armor |
| 27:23 | Research | Pikeman (upgrade) |
| 27:24 | Create | Spearman |
| 27:25 | Create | Spearman |
| 27:42 | Create | Villager (Male) |
| 27:42 | Create | Villager (Male) |
| 28:06 | Create | Villager (Male) |
| 28:07 | Create | Villager (Male) |
| 28:07 | Create | Villager (Male) |
| 28:21 | Build | Town Center |
| 28:27 | Create | Villager (Male) |
| 28:28 | Create | Villager (Male) |
| 28:38 | Build | Monastery |
| 29:19 | Create | Spearman |
| 29:19 | Create | Spearman |
| 29:20 | Create | Spearman |
| 29:20 | Create | Spearman |
| 29:20 | Create | Spearman |
| 29:20 | Create | Spearman |
| 29:42 | Create | Monk |
| 30:01 | Create | Spearman |
| 30:02 | Create | Spearman |
| 30:02 | Create | Spearman |
Match timeline
| 0:01 | Nopec · resign |
| 12:04 | l.marcelocamargo · first_building Barracks |
| 13:14 | Sherlock · age_up feudal |
| 13:22 | l.marcelocamargo · age_up feudal |
| 15:02 | Sherlock · first_building Barracks |
| 18:56 | Sherlock · first_building Archery Range |
| 22:55 | Sherlock · age_up castle |
| 24:22 | l.marcelocamargo · first_building Stable |
| 24:31 | l.marcelocamargo · age_up castle |
| 26:18 | l.marcelocamargo · first_building Siege Workshop |
| 26:39 | l.marcelocamargo · first_building Archery Range |
| 28:38 | Sherlock · first_building Monastery |
[ AI ANALYSIS · 1 CREDIT ]
What really happened in this match?
Wolo.gg analyzes every decision: build order, eco, micro, common mistakes by bracket. Personalized analysis on WhatsApp or Discord in 30 seconds.
Civ guide
Berbers
Perfil
Jugador #12200040